Map: Tours du crépuscule

Players

pupu

  • Race: Protoss Protoss
  • League: Silver

OMEGALORENZ - Winner!

  • Race: Terran Terran
  • League: Silver

VOD

Have the link to the VOD?

Description

Time

  • Played on: April 13, 2016, 8:59 a.m.
  • Length: 8:19
Show
View Real Time Build Order
Export as new Build Order

pupu Protoss 

Build Orders: 1 Gate Expand 

Get SALT Encoding   

  12  0:01  Probe (Chrono Boost)  
  13  0:12  Probe (Chrono Boost)  
  14  0:17  Pylon  
  14  0:22  Probe (Chrono Boost)  
  15  0:36  Probe (Chrono Boost), Gateway  
  16  0:46  Probe (Chrono Boost)  
  16  0:49  Assimilator  
  18  0:57  Probe (Chrono Boost)  
  18  1:21  Nexus  
  18  1:23  Probe (Chrono Boost)  
  19  1:34  Probe (Chrono Boost)  
  20  1:43  Pylon  
  20  1:52  Probe (Chrono Boost)  
  21  2:01  Cybernetics Core  
  21  2:05  Assimilator  
  21  2:07  Probe (Chrono Boost)  
  21  2:08  Pylon  
  21  2:17  Gateway  
  21  2:18  Probe (Chrono Boost)  
  22  2:24  Pylon  
  22  2:29  Probe (Chrono Boost)  
  23  2:36  Mothership Core (Chrono Boost)  
  23  2:40  Warp Gate (Chrono Boost)  
  25  2:44  Stalker  
  25  2:47  Probe  
  28  2:55  Probe  
  29  3:03  Probe, Assimilator  
  30  3:11  Probe  
  31  3:13  Twilight Council  
  31  3:18  Zealot  
  34  3:20  Probe  
  34  3:22  Probe  
  34  3:36  Probe  
  34  3:37  Probe  
  34  3:39  Charge (Chrono Boost)  
  35  3:47  Probe  
  35  3:50  Probe  
  35  3:54  Gateway  
  37  3:56  Gateway  
  37  3:57  Probe  
  38  4:04  Pylon  
  38  4:06  Probe  
  39  4:10  Probe  
  40  4:18  Probe, Forge  
  41  4:24  Gateway  
  41  4:34  Robotics Facility  
  41  4:36  Probe x2  
  43  4:41  Pylon  
  43  4:46  Zealot  
  43  4:47  Zealot  
  47  4:59  Probe (Chrono Boost)  
  49  5:01  Probe (Chrono Boost)  
  49  5:09  Probe (Chrono Boost), Photon Cannon  
  49  5:13  Probe (Chrono Boost), Zealot  
  49  5:14  Zealot x3, Blink  
  57  5:20  Probe (Chrono Boost)  
  60  5:22  Warp Prism  
  60  5:24  Probe (Chrono Boost)  
  63  5:30  Probe (Chrono Boost)  
  63  5:32  Protoss Ground Weapons Level 1 (Chrono Boost)  
  63  5:35  Probe  
  59  5:48  Zealot x5  
  59  6:04  Photon Cannon  
  59  6:05  Probe x2  
  59  6:09  Photon Cannon, Assimilator  
  59  6:10  Pylon  
  49  6:22  Zealot x5  
  51  6:47  Zealot x4  
  47  7:31  Pylon  
  47  7:33  Pylon  
  47  7:34  Zealot  
  47  7:35  Zealot x3, Pylon  
  51  7:56  Stalker x2  
Show
View Real Time Build Order
Export as new Build Order

OMEGALORENZ Terran - Winner!

Build Orders:  

Get SALT Encoding   

  12  0:01  SCV  
  13  0:14  SCV  
  14  0:18  Supply Depot  
  14  0:26  SCV  
  15  0:29  Refinery  
  15  0:41  Barracks  
  15  0:45  SCV  
  16  1:03  SCV  
  17  1:13  Barracks  
  17  1:17  SCV  
  18  1:19  Supply Depot  
  18  1:33  Reaper  
  18  1:39  Orbital Command  
  19  2:12  Barracks Reactor  
  19  2:16  Barracks Tech Lab  
  19  2:23  SCV  
  19  2:29  Refinery, Factory  
  20  2:35  SCV  
  21  2:41  Marauder  
  23  2:56  Concussive Shells  
  23  2:59  SCV  
  23  3:02  Marauder  
  26  3:13  Widow Mine  
  26  3:19  SCV  
  29  3:20  Supply Depot, Marine x2  
  31  3:40  Marine  
  31  3:42  Marauder, Marine  
  31  3:47  Factory Tech Lab  
  34  3:50  Starport  
  34  3:55  Supply Depot  
  34  3:56  Combat Shields  
  34  3:58  Marine  
  34  3:59  Marine  
  36  4:03  Marine  
  36  4:09  SCV  
  38  4:15  Supply Depot  
  38  4:19  Marine x2  
  43  4:24  Siege Tank  
  43  4:34  Liberator  
  43  4:37  Marine x2  
  45  4:40  Marine  
  45  4:42  SCV  
  50  4:54  Marine  
  51  5:07  Marine  
  51  5:08  Marine  
  51  5:12  Marine  
  54  5:25  Marine  
  55  5:31  Supply Depot  
  55  5:36  Supply Depot  
  55  5:37  Marauder  
  54  5:50  Marine  
  54  5:52  Marine  
  54  5:53  Siege Tank  
  59  5:58  Marauder  
  61  6:08  Marine  
  58  6:19  Marine  
  58  6:20  Marauder  
  58  6:26  Marine  
  58  6:28  Siege Tank  
  61  6:36  Marine  
  57  6:41  Marine  
  57  6:44  Marine  
  53  6:48  Liberator  
  50  6:54  Marine  
  50  6:58  Marine  
  48  7:01  Marine  
  48  7:04  Siege Tank  
  55  7:12  Marine  
  55  7:17  Marauder  
  55  7:19  Marine  
  56  7:35  Marine  
  57  7:37  Marine  
  57  7:38  Marauder  
  57  7:53  Marine  
  57  7:55  Marine  
Tags
 
Add a new tag
Caveats
  • Supply blocks, unpowered buildings, or Contaminate may cause inaccurate times.
  • Supply counts are checked every 10 seconds.